 Dungeon Crawl Stone Soup version 0.20-a0-871-g785f14b (console) character file.

130 nht the Firebug (level 5, -5/45 HPs)
             Began as an Ogre Fire Elementalist on Mar 14, 2017.
             Slain by Crazy Yiuf
             ... wielding a +3 quarterstaff of chaos
              (14 damage)
             ... while paralysed by Crazy Yiuf
             ... on level 2 of the Dungeon.
             The game lasted 00:03:59 (2172 turns).

nht the Firebug (Ogre Fire Elementalist)            Turns: 2172, Time: 00:04:00

Health: -5/45      AC:  3    Str: 12    XL:     5   Next: 13%
Magic:  5/10       EV:  1    Int: 17    God:
Gold:   115        SH:  0    Dex:  9    Spells: 5/11 levels left

rFire    . . .     SeeInvis .   g - +0 whip
rCold    . . .     Gourm    .   a - +0 robe
rNeg     . . .     Faith    .   (no shield)
rPois    .         Spirit   .   (helmet restricted)
rElec    .         Reflect  .   (no cloak)
rCorr    .         Harm     .   (gloves unavailable)
MR       .....                  (boots unavailable)
Stlth    +.........             (no amulet)
Regen    0.2/turn               (no ring)
MPRegen  0.2/turn               (no ring)

@: paralysed, lethally poisoned (-5 -> -8), very slightly contaminated
A: unfitting armour, tough skin 1
a: no special abilities


You were on level 2 of the Dungeon.
You were not hungry.

You visited 1 branch of the dungeon, and saw 3 of its levels.

You collected 115 gold pieces.

Inventory:

Hand Weapons
 g - a +0 whip (weapon)
Armour
 a - a +0 robe (worn)
Scrolls
 e - a scroll of teleportation
 j - 2 scrolls of identify
 k - a scroll of fear
Potions
 f - a potion of curing
Books
 b - a book of Flames

   Spells                             Type                      Level
   a - Flame Tongue                   Conjuration/Fire             1
   b - Throw Flame                    Conjuration/Fire             2
   c - Conjure Flame                  Conjuration/Fire             3
   d - Inner Flame                    Hexes/Fire                   3
   e - Sticky Flame                   Conjuration/Fire             4
   f - Fireball                       Conjuration/Fire             5
Comestibles
 c - 2 bread rations
 l - 4 fruits
 m - a royal jelly


   Skills:
 - Level 1.7 Dodging
 - Level 1.4 Stealth
 + Level 3.5 Spellcasting
 + Level 2.5 Conjurations
 + Level 3.8 Fire Magic


You had 5 spell levels left.
You knew the following spells:

 Your Spells              Type           Power        Failure   Level  Hunger
a - Flame Tongue          Conj/Fire      ##...        4%          1    None
b - Throw Flame           Conj/Fire      ##....       10%         2    ##.....
c - Conjure Flame         Conj/Fire      ##......     14%         3    ###....


Dungeon Overview and Level Annotations

Branches:
Dungeon (3/15)

Altars:

Annotations:
D:2 Crazy Yiuf


Innate Abilities, Weirdness & Mutations

You are too large for most types of armour.
You have tough skin. (AC +1)


Message History

Crazy Yiuf cries, "You leg down broken song, no?"
Crazy Yiuf barely misses you.
Casting: Flame Tongue
Confirm with . or Enter, or press ? or * to list all spells.
Aiming: Flame Tongue
Press: ? - help, Shift-Dir - straight line, f/p - Crazy Yiuf
Aim: Crazy Yiuf, wielding a quarterstaff of chaos and wearing a cloak (heavily wounded)
The flame tongue hits Crazy Yiuf.
Crazy Yiuf is almost dead.
Crazy Yiuf hits you with a quarterstaff of chaos!
You suddenly lose the ability to move!
You feel sick.
Crazy Yiuf hits you with a quarterstaff of chaos!
Crazy Yiuf freezes you.
Crazy Yiuf hits you with a quarterstaff of chaos!
* * * LOW HITPOINT WARNING * * *
Crazy Yiuf burns you.
* * * LOW HITPOINT WARNING * * *
Crazy Yiuf hits you with a quarterstaff of chaos!
You die...

██....████.......██..
█....█ █.......██..
♣....♣ █.......███.
♣...♣♣ █.......█ ██
♣♣.♣♣ █.......█ █
♣.♣♣ █.......█ █ ♣♣.♣
█.......█ █ ♣.♣♣
█.......█ ♣♣@♣
█.......█


█g█ █████████ ... █...█ █..)█ █████ You could see Crazy Yiuf.

Vanquished Creatures
  Ijyb (D:2)
  3 adders
  An ooze (D:2)
  2 worms (D:2)
  2 dart slugs (D:1)
  3 leopard geckos
  9 bats
  3 giant cockroaches
  5 goblins
  6 hobgoblins
  7 jackals
  9 kobolds
  A quokka (D:2)
  2 frilled lizards (D:1)
  6 rats
60 creatures vanquished.

Vanquished Creatures (others)
  A plant (D:2)
1 creature vanquished.

Grand Total: 61 creatures vanquished

Notes
Turn   | Place    | Note
-------+----------+-------------------------------------------
     0 | D:1      | nht the Ogre Fire Elementalist began the quest for the Orb.
     0 | D:1      | Reached XP level 1. HP: 16/16 MP: 3/3
    42 | D:1      | Reached skill level 1 in Conjurations
   149 | D:1      | Reached XP level 2. HP: 24/24 MP: 0/5
   516 | D:1      | Reached XP level 3. HP: 31/31 MP: 2/6
   610 | D:1      | Learned a level 2 spell: Throw Flame
   614 | D:1      | Learned a level 3 spell: Conjure Flame
  1471 | D:3      | Reached XP level 4. HP: 33/39 MP: 0/8
  1685 | D:2      | Noticed Ijyb
  1697 | D:2      | Killed Ijyb
  1930 | D:2      | Found a runed door.
  2091 | D:2      | Reached XP level 5. HP: 45/45 MP: 6/10
  2162 | D:2      | Noticed Crazy Yiuf
  2168 | D:2      | Paralysed by Crazy Yiuf for 5 turns
  2172 | D:2      | Slain by Crazy Yiuf

Vault maps used:
D:1:      minmay_arrival_pointy
D:2:      lexackson_kobold_supper, uniq_crazy_yiuf_cottage, uniq_iyjb

Skill      XL: |  1  2  3 |
---------------+----------+-----
Conjurations   | 1 2 |  2.5
Fire Magic     | 3 |  3.8
Spellcasting   | 3 |  3.5
Dodging        | |  1.7
Stealth        | |  1.4

Action                   |  1- 3 |  4- 6 || total
-------------------------+-------+-------++-------
Melee: Whip              |    26 |    38 ||    64
 Cast: Flame Tongue      |    70 |    43 ||   113
  Use: Scroll            |       |     4 ||     4
       Potion            |       |     2 ||     2
  Eat: Chunk             |     2 |     2 ||     4
Armor: Robe              |    23 |    16 ||    39
Dodge: Dodged            |    25 |    40 ||    65
